 Dungeon Crawl Stone Soup version 0.31-a0-264-ga0b03e459d (webtiles) character file.

Game seed: 14419182788411908204

82 qw the Shooter (level 4, 0/36 HPs)
             Began as a Minotaur Hexslinger on July 13, 2023.
             Slain by a gnoll
             ... wielding a +0 halberd
              (4 damage)
             ... on level 3 of the Dungeon.
             The game lasted 00:00:30 (2137 turns).

qw the Shooter (Minotaur Hexslinger)                Turns: 2137, Time: 00:00:30

Health: 0/36       AC:  5    Str: 13    XL:     4   Next: 21%
Magic:  4/4        EV: 11    Int: 10    God:
Gold:   118        SH:  0    Dex: 20    Spells: 4/5 levels left

rFire   . . .        Y - +1 sling
rCold   . . .        (no shield)
rNeg    . . .        f - +0 ring mail
rPois   .            (helmet restricted)
rElec   .            (no cloak)
rCorr   .            (no gloves)
SInv    .            (no boots)
Will    .....        (no amulet)
Stlth   +            h - +6 ring of dexterity
HPRegen 0.26/turn    (no ring)
MPRegen 0.09/turn

%: no passive effects
@: no status effects
A: horns 2, retaliatory headbutt
a: no special abilities


You were on level 3 of the Dungeon.
You visited 1 branch of the dungeon, and saw 3 of its levels.

You collected 118 gold pieces.


Innate Abilities, Weirdness & Mutations

You have a pair of horns on your head.
You reflexively headbutt those who attack you in melee.


   Skills:
 - Level 2.0 Fighting
 + Level 4.6 Ranged Weapons
 - Level 1.0 Armour
 - Level 2.1 Dodging
 - Level 1.0 Spellcasting
 - Level 2.0 Hexes


You had 4 spell levels left.
You knew the following spells:

 Your Spells              Type           Power      Damage    Failure   Level
a - Slow                  Hex            16%        N/A       32%         1

Your spell library contained the following spells:

 Spells                   Type           Power      Damage    Failure   Level
 Inner Flame              Hex/Fire       2%         N/A       82%         3
 Portal Projectile        Hex/Tloc       4%         N/A       82%         3
 Cause Fear               Hex            2%         N/A       97%         4

Inventory:

Hand Weapons
 Y - a +1 sling (weapon)
Armour
 f - a +0 ring mail (worn)
Jewellery
 a - a ring of ice
 h - a +6 ring of dexterity (left hand)
Potions
 c - a potion of curing {unknown}
 d - a potion of magic {unknown}

Dungeon Overview and Level Annotations

Branches:
Dungeon (3/15)

Altars:
Fedhas

Annotations:
D:2 1 runed translucent door, Crazy Yiuf


Message History

The gnoll barely misses you. The gnoll closely misses you.
You have reached level 4!
You feel stronger.
You shoot a sling bullet. The endoplasm quivers.
The sling bullet hits the gnoll but does no damage.
The gnoll barely misses you.
You shoot a sling bullet.
The sling bullet barely misses the kobold.
The sling bullet hits the bat.
You kill the bat!
The gnoll closely misses you. The kobold hits you but does no damage.
You shoot a sling bullet.
The sling bullet hits the kobold but does no damage.
The gnoll closely misses you. The kobold hits you but does no damage.
You shoot a sling bullet.
The sling bullet barely misses the kobold.
The sling bullet hits the gnoll.
The gnoll is moderately wounded.
The gnoll barely misses you. The kobold hits you with a +0 dagger.
The gnoll barely misses you.
The gnoll hits you from afar with a +0 halberd!
The kobold hits you but does no damage.
You shoot a sling bullet. The sling bullet hits the gnoll.
The gnoll is severely wounded.
The gnoll hits you from afar with a +0 halberd.
The gnoll hits you with a +0 flail. The hobgoblin misses you.
You furiously retaliate!
You headbutt the hobgoblin. The kobold barely misses you.
You furiously retaliate!
You headbutt the kobold. You shoot a sling bullet.
The sling bullet barely misses the gnoll.
The gnoll hits you from afar with a +0 halberd!
The gnoll closely misses you. You furiously retaliate!
You headbutt the gnoll!
You kill the gnoll!
The kobold closely misses you. You furiously retaliate!
You headbutt the kobold!
You kill the kobold!
The hobgoblin hits you.
You shoot a sling bullet. The sling bullet hits the hobgoblin.
You kill the hobgoblin!
The gnoll hits you from afar with a +0 halberd.
You die...

##.####....###
#...#####...#
###.# #.#.## #.##
#.#..#
#..####.##.#
##...##.##.## #
###....##.(####
..#
####..##....#!....
#..##..@)..#
#<.#.(..Jg..#
#..#.........#
#..#.......).#
##.##.....#....
.........#%##
.............
...........#. .#..


You could see a gnoll and an endoplasm.

Vanquished Creatures
  Terence (D:2)
  2 gnolls (D:3)
  A worm (D:2)
  4 endoplasms
  A giant cockroach (D:1)
  4 goblins
  4 hobgoblins
  5 ball pythons
  5 bats
  A frilled lizard (D:1)
  2 kobolds
  4 rats
34 creatures vanquished.

Notes
Turn   | Place    | Note
-------+----------+-------------------------------------------
     0 | D:1      | qw the Minotaur Hexslinger began the quest for the Orb.
     0 | D:1      | Reached XP level 1. HP: 16/16 MP: 1/1
     0 | D:1      | 0 ||| qw: Version: 0.3-a-52-g30416fa
     0 | D:1      | 0 ||| qw: Game counter: 7561
     0 | D:1      | 0 ||| qw: Melee chars always use a shield: true
     0 | D:1      | 0 ||| qw: God list: Okawaru
     0 | D:1      | 0 ||| qw: Allow faded altars: false
     0 | D:1      | 0 ||| qw: Do Orc after clearing Dungeon:15 true
     0 | D:1      | 0 ||| qw: Do second Lair branch before Depths: true
     0 | D:1      | 0 ||| qw: Lair rune preference: random
     0 | D:1      | 0 ||| qw: Goals: Normal
     0 | D:1      | 0 ||| PLANNING D:1-11
   339 | D:1      | Reached skill level 3 in Ranged Weapons
   339 | D:1      | Reached XP level 2. HP: 17/23 MP: 2/2
   560 | D:1      | Found a faded altar of an unknown god.
   790 | D:1      | 790 ||| UPGRADING to +0 ring mail.
   800 | D:1      | 800 ||| DROPPING +0 robe.
   801 | D:1      | 801 ||| UPGRADING to +6 ring of dexterity.
   802 | D:1      | 802 ||| READING scroll labelled IMMISA MIYJELO.
   803 | D:1      | 803 ||| DROPPING scroll of poison.
   848 | D:2      | Noticed Terence
   854 | D:2      | Killed Terence
   855 | D:2      | Reached skill level 4 in Ranged Weapons
   855 | D:2      | Reached XP level 3. HP: 13/29 MP: 3/3
  1168 | D:2      | Found a blossoming altar of Fedhas.
  1285 | D:2      | Reached skill level 1 in Armour
  1386 | D:2      | Found a runed translucent door.
  1387 | D:2      | Noticed Crazy Yiuf
  1962 | D:2      | 1962 ||| DROPPING ring of magical power.
  1963 | D:2      | 1963 ||| READING scroll labelled EZAUP PODAUFUX.
  2035 | D:2      | 2035 ||| DRINKING 2 clear potions.
  2036 | D:2      | 2036 ||| DROPPING potion of attraction.
  2131 | D:3      | Reached XP level 4. HP: 36/36 MP: 4/4
  2136 | D:3      | HP: 6/36 [gnoll/+0 halberd (7)]
  2137 | D:3      | Slain by a gnoll

Levels and vault maps discovered:
D:1:      roderic_dead_forest, layout_loops_ring,
          hellmonk_ecumenical_altar_heavens_door, nicolae_hexahallways,
          hangedman_decor_clover_reticule
D:2:      layout_basic, basic_altar, chequers_serial_rivers_small_a,
          uniq_crazy_yiuf_cottage, uniq_terence
D:3:      layout_rooms, ebering_ghost_sewer_d, patterned_corridor

Skill      XL: |  1  2  3 |
---------------+----------+-----
Ranged Weapons | 3 4 |  4.6
Fighting       | 2 |  2.0
Armour         | 1 |  1.0
Dodging        | |  2.1
Spellcasting   | |  1.0
Hexes          | |  2.0

Action                     |  1- 3 |  4- 6 || total
---------------------------+-------+-------++-------
   Fire: Sling             |    97 |     7 ||   104
    Use: Scroll            |     2 |       ||     2
         Potion            |     1 |       ||     1
 Armour: Ring mail         |     1 |     3 ||     4
  Dodge: Dodged            |    28 |     9 ||    37

Table legend:
 A = Non-vault XP
 B = Vault XP
 C = Vault XP percentage of total XP
 D = Non-vault monster count
 E = Vault monster count
 F = Vault count percentage of total count
                 A         B        C        D         E       F
            +---------+---------+-------+---------+---------+-------
      Total |      82 |      38 |  31.7 |      33 |       1 |   2.9
            +---------+---------+-------+---------+---------+-------
        D:1 |      26 |       0 |   0.0 |      17 |       0 |   0.0
        D:2 |      16 |      38 |  70.4 |       8 |       1 |  11.1
        D:3 |      40 |       0 |   0.0 |       8 |       0 |   0.0
            +---------+---------+-------+---------+---------+-------
